Unix NetHack Version 3.7.0-102 Work-in-progress - last build Apr 6 2024 13:22:21 (d302a6a9ff6341f1a922d8f5af178406b35fdf99,branch:master). Game began 2024-05-01 10:34:12, ended 2024-05-01 10:49:27. MalkMcJorma, chaotic male elven Ranger |.h |@- |.| |.- |.. |.| ---|.| |.--.| |....| |....- ----- --....|.|...| |.......<..| ---.--.|...| -..| ---- MalkMcJorma the Lookout St:15 Dx:11 Co:14 In:14 Wi:14 Ch:7 Chaotic Dlvl:4 $:49 HP:0(26) Pw:16(16) AC:3 Xp:3/66 T:1831 Latest messages: You finish eating the food ration. You have a little trouble lifting a locked large box. Continue? [ynq] (q) You have a little trouble lifting z - a locked large box. Your movements are slowed slightly because of your load. You stop. Warfrost is in the way! You swap places with Warfrost. You swap places with Warfrost. You climb up the stairs. The door opens. You miss the acid blob. You miss the acid blob. You hit the acid blob. You are splashed by the acid blob's acid! You miss the acid blob. You miss the acid blob. You miss the acid blob. You kill the acid blob! You see here an acid blob corpse. You swap places with Warfrost. You climb up the stairs. Warfrost drops an acid blob corpse. You see here a rock. You find a hidden door. You see here a rock. What do you want to drop? [$a-flmo-ru-xz or ?*] You drop a locked large box. Your movements are now unencumbered. You hear some noises in the distance. You descend the stairs. You hit the gnome! The gnome hits! You kill the gnome! You hear crashing rock. You hit the dwarf! The dwarf swings his pick-axe. The dwarf hits! You miss the dwarf. You miss the dwarf. You miss the dwarf. You hit the dwarf! You kill the dwarf! A - a pair of hard shoes. B - a pick-axe. A cloud of gas puts you to sleep! You dream that you hear crashing rock. The dwarf swings her broad pick. The dwarf hits! The dwarf swings her broad pick. The dwarf hits! You die... Inventory: Coins ('$') $ - 49 gold pieces Weapons (')') c - 56 blessed +2 elven arrows (in quiver) d - 34 uncursed +0 elven arrows b - an uncursed +1 elven bow (alternate weapon; not wielded) a - the uncursed +1 Sting (weapon in right hand) Armor ('[') w - a cursed -1 pair of gauntlets of fumbling named cursed A - an uncursed +0 pair of iron shoes o - an uncursed +0 pair of water walking boots (being worn) l - an uncursed +0 small shield (being worn) e - an uncursed +2 elven cloak (being worn) p - an uncursed +0 elven cloak m - an uncursed +0 leather armor (being worn) Comestibles ('%') f - 6 uncursed lembas wafers Scrolls ('?') r - an uncursed scroll of identify Potions ('!') u - an uncursed potion of speed Rings ('=') v - a cursed -1 ring of adornment Wands ('/') x - an uncursed wand of striking (0:7) Tools ('(') q - a cursed mirror B - an uncursed +0 pick-axe MalkMcJorma the Ranger's attributes: Background: You were a Lookout, a level 3 male elven Ranger. You were chaotic, on a mission for Mars who was opposed by Mercury (lawful) and Venus (neutral). You were right-handed. You were in the Gnomish Mines, on level 4. You entered the dungeon 1831 turns ago. You had 66 experience points, 14 more were needed to attain level 4. Basics: You had 0 out of 26 hit points. You had all 16 energy points (spell power). Your armor class was 3. Your wallet contained 49 zorkmids. Autopickup was off. Final Characteristics: Your strength was 15 (limit:18). Your dexterity was 11 (limit:18). Your constitution was 14 (limit:16). Your intelligence was 14 (limit:20). Your wisdom was 14 (limit:20). Your charisma was 7 (limit:18). Final Status: You weren't hungry. You were unencumbered. You were wielding a dagger. You had basic skill with dagger. Final Attributes: You were devoutly aligned. You were aware of the presence of orcs. You had automatic searching. You had infravision. You were stealthy. You could walk on water. You were warded. You are dead. Miscellaneous: You disabled loading of bones levels. Total elapsed playing time was 15 minutes and 14 seconds. Major events: Turn 1: MalkMcJorma the chaotic male elven Ranger entered the dungeon 23: became literate by naming Sting 1047: entered the Gnomish Mines 1165: attained the rank of Lookout (level 3) 1831: killed by a dwarf, while sleeping Vanquished creatures: a dwarf an iguana an acid blob a hobbit 2 giant rats a gnome a gnome zombie a gecko 7 jackals a goblin a sewer rat 2 grid bugs a lichen 2 kobold zombies 6 newts 29 creatures vanquished. No species were genocided or became extinct. Voluntary challenges: You read items or engraved 1 time. You never engraved Elbereth. You never genocided any monsters. You never polymorphed an object. You never changed form. You used no wishes. Achievements: You entered a shop. You entered the Gnomish Mines. You attained the rank of Lookout. The Dungeons of Doom: levels 1 to 6 Level 1: An altar to Mars. Level 2: "Vault" An armor shop, a fountain. Level 3: A fountain, a sink. Stairs down to The Gnomish Mines. Level 4: A fountain. Level 5: An altar, a fountain. Level 6: The Gnomish Mines: Level 4: <- You were here. Final resting place for you, killed by a dwarf, while sleeping. Game over: ---------- / \ / REST \ / IN \ / PEACE \ / \ | MalkMcJorma | | 49 Au | | killed by a | | dwarf | | | | | | 2024 | *| * * * | * _________)/\\_//(\/(/\)/\//\/|_)_______ Goodbye MalkMcJorma the Ranger... You died in The Gnomish Mines on dungeon level 4 with 559 points, and 49 pieces of gold, after 1831 moves. You were level 3 with a maximum of 26 hit points when you died.